 Dungeon Crawl Stone Soup version 0.29.1-13-g9f3cf754e1 (webtiles) character file.

Game seed: 2399298330477883386

172 javelincjr the Magician (level 5, 0/35 HPs)
             Began as a Djinni Hedge Wizard on Feb 7, 2023.
             Slain by a ball python (2 damage)
             ... on level 3 of the Dungeon.
             The game lasted 00:09:37 (3463 turns).

javelincjr the Magician (Djinni Hedge Wizard)       Turns: 3463, Time: 00:09:37

Health: 0/35       AC:  2    Str:  9    XL:     5   Next: 83%
Gold:   197        EV: 12    Int: 22    God:
                   SH:  0    Dex: 13

rFire   + + .      SeeInvis .   p - +4 dagger "Morg" {pain, Will+ Int+5}
rCold   x . .      Faith    .   (no shield)
rNeg    . . .      Spirit   .   b - +0 robe
rPois   ∞          Reflect  .   c - +0 hat
rElec   .          Harm     .   (no cloak)
rCorr   .          Rampage  .   (no gloves)
Will    +....                   (boots unavailable)
Stlth   ++........              (no amulet)
HPRegen 0.11/turn               (no ring)
MPRegen 0.00/turn               (no ring)

@: flying
A: sickness immunity, fire resistance 2, cold vulnerability 1, float, innate
caster, HP casting, extra vitality 1
a: no special abilities


You were on level 3 of the Dungeon.
You visited 1 branch of the dungeon, and saw 3 of its levels.

You collected 197 gold pieces.

Inventory:

Hand Weapons
 a - a +0 dagger
 p - the +4 dagger "Morg" (weapon) {pain, Will+ Int+5}
   (You found it on level 2 of the Dungeon)

   In the hands of one skilled in necromantic magic, it inflicts extra damage on
   living creatures.
   Your inability to study Necromancy prevents you from drawing on the full
   power of this weapon.
   Int:       It affects your intelligence (+5).
   Will:      It increases your willpower.
Missiles
 d - 23 stones
 g - 3 poisoned darts
Armour
 b - a +0 robe (worn)
 c - a +0 hat (worn)
Scrolls
 e - a scroll of enchant armour {unknown}
 h - a scroll of immolation {unknown}
 i - a scroll of poison {unknown}
 l - 4 scrolls of identify {unknown}
 n - a scroll of fear {unknown}
 q - a scroll of teleportation {unknown}
 r - a scroll of acquirement {unknown}
 t - a scroll of enchant weapon {unknown}
Potions
 f - a potion of degeneration {unknown}
 j - 2 potions of curing {unknown}
 k - a potion of cancellation {unknown}
 m - a potion of lignification {unknown}
 o - a potion of heal wounds {unknown}
 s - a potion of flight {unknown}


   Skills:
 + Level 0.3 Fighting
 + Level 0.2 Short Blades
 + Level 2.9 Dodging
 + Level 2.2 Stealth
 + Level 4.2 Spellcasting


You couldn't memorise any spells.
You knew the following spells:

 Your Spells              Type           Power      Damage    Failure   Level
a - Magic Dart            Conj           92%        1d7       1%          1
b - Blink                 Tloc           46%        N/A       3%          2
c - Call Imp              Summ           23%        N/A       3%          2
d - Slow                  Hex            92%        N/A       1%          1
e - Conjure Flame         Conj/Fire      23%        6-21      6%          3
f - Mephitic Cloud        Conj/Pois/Air  23%        N/A       6%          3
g - Apportation           Tloc           46%        N/A       1%          1
h - Searing Ray           Conj           46%        2d6       3%          2
Your spell library was empty.

Dungeon Overview and Level Annotations

Branches:
Dungeon (3/15)

Altars:

Shops:
D:2 [


Innate Abilities, Weirdness & Mutations

You are immune to sickness and miasma.
You are immune to poison.
Your flesh is very heat resistant. (rF++)
You are vulnerable to cold. (rC-)
You float through the air rather than walking.
You learn spells naturally, not from books.
Your magical power is your life essence.
You have superior vitality. (+4 MHP)


Message History

The searing ray hits the adder.
The adder is heavily wounded.
* * * LOW HITPOINT WARNING * * *
A ball python comes into view.
The adder bites you.
* * * LOW HITPOINT WARNING * * *
Really fire in your crimson imp's direction?
The searing ray misses the adder.
The searing ray misses your crimson imp.
* * * LOW HITPOINT WARNING * * *
The adder bites you but does no damage.
Your crimson imp barely misses the adder.
Really fire in your crimson imp's direction?
The searing ray hits the adder.
The adder is almost dead.
The searing ray hits your crimson imp.
Your crimson imp is moderately wounded.
* * * LOW HITPOINT WARNING * * *
You finish channelling your searing ray.
Your crimson imp disappears in a puff of smoke!
The adder bites you.
* * * LOW HITPOINT WARNING * * *
The adder completely misses you.
You closely miss the adder.
The adder is almost dead.
The adder barely misses you.
You closely miss the adder.
The adder is almost dead.
The adder closely misses you.
Okay, then.
You hit the adder.
You kill the adder!
The ball python barely misses you. x2
You closely miss the ball python.
The ball python bites you but does no damage.
The ball python barely misses you.
You barely miss the ball python. The ball python closely misses you.
The ball python barely misses you.
You closely miss the ball python. The ball python bites you.
You die...

#~~SS~~#..##..
#########~#..##..
#~~~~~~~~~#......
#~~#~#~#####.....
#.~.~~~~~........
###...S.~....####..
#............##....
#.###†.†....##..#..
#.@S...........##..
#####.†............
##......#####..
####..............
##.....>....####...
##...........# ##.#.
#...........## #..#.
#..........#####.#..
#...................


You could see a ball python.

Vanquished Creatures
  Natasha (D:2)
  A hound zombie (D:3)
  3 adders
  2 river rats (D:3)
  A dart slug (D:1)
  4 ball pythons (D:1)
  4 bats
  5 endoplasms (D:1)
  3 goblins (D:2)
  3 hobgoblins (D:1)
  A quokka (D:2)
  A ball python skeleton (D:2)
  A ball python zombie (D:2)
  5 frilled lizards
  A jackal skeleton (D:2)
  3 kobolds
  3 rats
42 creatures vanquished.

Vanquished Creatures (collateral kills)
  Natasha (D:2)
  A river rat (D:3)
  An adder (D:3)
  A worm (D:3)
  A goblin (D:2)
  A ball python zombie (D:2)
  A jackal zombie (D:2)
7 creatures vanquished.

Vanquished Creatures (others)
  19 withered plants (D:2)
19 creatures vanquished.

Grand Total: 68 creatures vanquished

Notes
Turn   | Place    | Note
-------+----------+-------------------------------------------
     0 | D:1      | javelincjr the Djinni Hedge Wizard began the quest for the
                  | Orb.
     0 | D:1      | javelincjr set off with the following spells memorised:
                  | Magic Dart, Blink, Call Imp, Slow, Conjure Flame, Mephitic
                  | Cloud.
     0 | D:1      | Reached XP level 1. HP: 15/15 MP: 0/0
   341 | D:1      | Reached XP level 2. HP: 19/21 MP: 0/0
   720 | D:1      | Reached skill level 3 in Spellcasting
   737 | D:1      | Reached XP level 3. HP: 20/25 MP: 0/0
   737 | D:1      | Learned a level 1 spell: Apportation
  1645 | D:2      | Found Gimiud's Armour Shoppe.
  2070 | D:2      | Noticed Natasha
  2084 | D:2      | Killed Natasha
  2085 | D:2      | Reached XP level 4. HP: 5/31 MP: 0/0
  2419 | D:2      | Found the +4 dagger "Morg" {pain, Will+ Int+5}
  2919 | D:2      | Noticed Natasha
  2934 | D:2      | Killed Natasha
  2935 | D:2      | Reached XP level 5. HP: 19/35 MP: 0/0
  2935 | D:2      | Learned a level 2 spell: Searing Ray
  3401 | D:3      | Reached skill level 4 in Spellcasting
  3463 | D:3      | Slain by a ball python

Illustrated notes

Levels and vault maps discovered:
D:1:      nicolae_arrival_somewhat_less_tricky_arrival, layout_loops_ring,
          st_stairs_11
D:2:      layout_basic, serial_shops, nicolae_shop_stone,
          dilly_guarded_unrand_morg
D:3:      layout_rooms, nicolae_uskayaw_dance_hall, lightli_sewer_entry_pipes,
          chequers_ecumenical_altar_grove, nicolae_kite_square_tiling_tiny

Skill      XL: |  1  2  3  4  5 |
---------------+----------------+-----
Spellcasting   | 3 4 |  4.2
Stealth        | 2 |  2.2
Fighting       | |  0.3
Short Blades   | |  0.2
Dodging        | |  2.9

Action                   |  1- 3 |  4- 6 || total
-------------------------+-------+-------++-------
Melee: Dagger            |     5 |    37 ||    42
 Cast: Magic Dart        |    63 |    19 ||    82
       Call Imp          |     2 |     4 ||     6
       Slow              |       |     3 ||     3
       Conjure Flame     |       |     1 ||     1
       Blink             |       |     1 ||     1
       Searing Ray       |       |     1 ||     1
 Stab: Sleeping          |     1 |     1 ||     2
Armor: Robe              |     1 |    11 ||    12
Dodge: Dodged            |     5 |    37 ||    42
